Map: Port Aleksander LE

Players

JimRising

  • Race: Zerg Zerg
  • League: Grandmaster
  • Spawn Location: 11:00

Rex - Winner!

  • Race: Zerg Zerg
  • Spawn Location: 5:00

Event: 2019 WCS Winter Americas

VOD

Have the link to the VOD?

Description

Time

  • Played on: Feb. 3, 2019, 3:11 p.m.
  • Length: 6:22

All games in this series

Show
View Real Time Build Order
Export as new Build Order

JimRising Zerg 

Build Orders: Hatch First 

Get SALT Encoding   

  12  0:00  Drone  
  13  0:12  Overlord  
  13  0:18  Drone  
  14  0:30  Drone  
  14  0:31  Drone  
  14  0:35  Drone  
  17  0:54  Hatchery  
  16  0:59  Drone  
  16  1:00  Extractor  
  16  1:13  Spawning Pool  
  16  1:15  Drone  
  16  1:18  Drone  
  17  1:22  Drone  
  18  1:28  Drone  
  19  1:39  Overlord  
  19  1:49  Drone  
  20  1:59  Queen  
  22  2:01  Drone  
  22  2:05  Metabolic Boost  
  23  2:09  Queen  
  23  2:14  Drone  
  26  2:19  Drone x2  
  28  2:24  Zergling x2  
  28  2:27  Drone  
  30  2:34  Zergling x2, Baneling Nest  
  30  2:43  Drone  
  31  2:44  Drone  
  31  2:47  Queen  
  31  2:51  Drone  
  35  3:00  Overlord  
  35  3:04  Drone  
  36  3:14  Overlord  
  36  3:19  Zergling x4  
  39  3:20  Zergling x10  
  39  3:26  Drone  
  44  3:33  Lair, Drone  
  45  3:34  Drone  
  45  3:35  Extractor  
  45  3:40  Overlord  
  45  3:44  Baneling x3  
  45  3:51  Drone x3  
  47  3:56  Baneling  
  47  3:57  Zergling x2  
  47  3:58  Zergling x4, Drone x2  
  52  4:09  Drone x2  
  54  4:11  Extractor  
  53  4:18  Drone  
  53  4:19  Drone x4  
  53  4:22  Extractor, Drone  
  58  4:37  Drone x2, Spire  
  58  4:43  Overlord x2  
  58  4:44  Drone x2  
  58  4:57  Zergling x8  
  54  5:05  Zergling x2  
  55  5:10  Zergling x2  
  55  5:11  Hatchery  
  55  5:16  Baneling  
  55  5:19  Overlord  
  55  5:20  Drone  
  54  5:36  Overlord  
  54  5:50  Mutalisk x5  
  54  5:51  Mutalisk x2  
  68  5:57  Zergling x2  
  68  6:00  Zergling x6  
  72  6:04  Baneling x2, Zergling x2, Spine Crawler  
  72  6:05  Zergling x2  
Show
View Real Time Build Order
Export as new Build Order

Rex Zerg - Winner!

Build Orders: Hatch First 

Get SALT Encoding   

  12  0:00  Drone  
  13  0:13  Overlord  
  13  0:18  Drone  
  14  0:31  Drone  
  14  0:32  Drone  
  16  0:50  Hatchery  
  16  0:52  Drone  
  16  0:56  Drone  
  17  0:59  Drone  
  18  1:10  Extractor  
  17  1:15  Spawning Pool  
  16  1:18  Drone  
  16  1:21  Drone  
  18  1:29  Drone  
  19  1:39  Drone  
  20  1:51  Drone  
  21  2:02  Queen x2  
  21  2:03  Overlord  
  21  2:04  Zergling x2  
  26  2:12  Metabolic Boost, Drone  
  27  2:19  Drone  
  28  2:23  Drone x2  
  30  2:41  Hatchery  
  29  2:45  Drone x2  
  29  2:49  Baneling Nest  
  30  2:51  Drone  
  30  2:53  Drone  
  30  2:56  Zergling x2  
  33  3:01  Overlord  
  33  3:11  Queen  
  35  3:13  Drone  
  36  3:30  Zergling x14  
  36  3:33  Baneling x2  
  42  3:39  Overlord  
  42  3:49  Drone x2  
  42  3:51  Lair  
  45  3:55  Drone  
  45  3:56  Drone x4  
  45  3:59  Baneling  
  49  4:05  Zergling x6  
  49  4:07  Drone  
  49  4:08  Extractor  
  52  4:14  Extractor  
  52  4:16  Baneling x2  
  51  4:21  Queen x2  
  55  4:26  Overlord  
  55  4:29  Zergling x4  
  55  4:30  Baneling  
  57  4:33  Zergling x4  
  57  4:37  Drone x2  
  57  4:39  Overlord  
  52  5:02  Nydus Network, Zergling x22  
  62  5:07  Queen  
  64  5:15  Zergling x4  
  64  5:16  Zergling x6  
  69  5:28  Zergling x2  
  69  5:29  Zergling x4  
  69  5:33  Queen x2  
  74  5:41  Nydus Canal  
  74  5:47  Overlord x2  
  74  5:55  Overlord x3  
  73  5:59  Nydus Canal  
Tags
 
Add a new tag
Caveats
  • Supply blocks, unpowered buildings, or Contaminate may cause inaccurate times.
  • Supply counts are checked every 10 seconds.